 Dungeon Crawl Stone Soup version 0.30.1-9-gdf580d7c3d (webtiles) character file.

Game seed: 17143904548667756375

56 Anriel the Shooter (level 3, -3/22 HPs)
             Began as a Deep Elf Hunter on Oct 23, 2023.
             Slain by a gnoll
             ... wielding a +0 whip
              (8 damage)
             ... on level 2 of the Dungeon.
             The game lasted 00:07:22 (1370 turns).

Anriel the Shooter (Deep Elf Hunter)                Turns: 1370, Time: 00:07:22

Health: -3/22      AC:  5    Str:  8    XL:     3   Next: 71%
Magic:  5/5        EV: 13    Int: 13    God:
Gold:   88         SH:  0    Dex: 20    Spells: 2/2 levels left

rFire   . . .        a - +0 shortbow
rCold   . . .        (shield currently unavailable)
rNeg    . . .        c - +0 leather armour
rPois   .            f - +0 helmet
rElec   .            e - +0 cloak
rCorr   .            (no gloves)
SInv    .            (no boots)
Will    .....        (no amulet)
Stlth   ++           (no ring)
HPRegen 0.23/turn    (no ring)
MPRegen 0.09/turn

%: no passive effects
@: no status effects
A: no striking features
a: no special abilities


You were on level 2 of the Dungeon.
You visited 1 branch of the dungeon, and saw 2 of its levels.

You collected 88 gold pieces.

Inventory:

Hand Weapons
 a - a +0 shortbow (weapon)
 d - the +11 spear of Optimality {heavy, Fragile rN+ Int+3 Stlth+}
   (You found it on level 2 of the Dungeon)

   Int:       It affects your intelligence (+3).
   rN:        It protects you from negative energy.
   Fragile:   It will be destroyed if unequipped.
   Stlth:     It makes you more stealthy.
Armour
 c - a +0 leather armour (worn)
 e - a +0 cloak (worn)
 f - a +0 helmet (worn)
Jewellery
 g - an amulet of guardian spirit
Scrolls
 b - a scroll of immolation


   Skills:
 * Level 2.6 Fighting
 - Level 5.3 Ranged Weapons
 + Level 3.1 Dodging
 + Level 2.6 Stealth


You had 2 spell levels left.
You didn't know any spells.
Your spell library was empty.

Dungeon Overview and Level Annotations

Branches:
Dungeon (2/15)

Altars:

Shops:
D:1 [


Message History

Found 5 gold pieces.
Fire: a) +0 shortbow
Press: ? - help, Q - select action Shift-Dir - straight line, f - gnoll
Aim: a gnoll, wielding a +0 whip (69% to hit)
You shoot an arrow. The gnoll shouts!
The arrow hits the gnoll but does no damage.
A gnoll comes into view. It is wielding a +0 spear.
There is an open door here.
Fire: a) +0 shortbow
Press: ? - help, Q - select action Shift-Dir - straight line, f/p - gnoll
Aim: a gnoll, wielding a +0 whip (69% to hit)
You shoot an arrow. The arrow hits the gnoll.
The gnoll is lightly wounded.
The gnoll throws a throwing net.
The throwing net barely misses you.
Fire: a) +0 shortbow
Press: ? - help, Q - select action Shift-Dir - straight line, f/p - gnoll
Aim: a gnoll, wielding a +0 whip (lightly wounded, 69% to hit)
You shoot an arrow. The arrow completely misses the gnoll.
You shoot an arrow. The arrow hits the gnoll.
The gnoll is moderately wounded.
The gnoll hits you with a +0 whip. x2
You shoot an arrow. The arrow hits the gnoll.
The gnoll is severely wounded.
The gnoll hits you but does no damage.
You shoot an arrow.
The arrow hits the gnoll but does no damage.
The gnoll is severely wounded.
The gnoll hits you with a +0 whip.
You shoot an arrow. The arrow hits the gnoll.
The gnoll is almost dead.
The gnoll misses you.
You shoot an arrow. The arrow hits the gnoll.
The gnoll is almost dead.
The gnoll misses you. The gnoll hits you with a +0 whip.
* * * LOW HITPOINT WARNING * * *
You shoot an arrow. The arrow hits the gnoll.
You kill the gnoll!
The gnoll attacks as you move away! The gnoll hits you with a +0 whip!
You die...

. .. ... ###########
###### .... #.........#
#..... ..... #.........#
#.....
......###.........###.....
......g.g@........'.'.....
..$...###.........###.....
###.. #...(.....# ###...
#. ####......#####... #
#......##......
#......##......
#......##......
#......##......
#......########


You could see 2 gnolls.

Vanquished Creatures
  Robin (D:2)
  A gnoll (D:2)
  A giant cockroach (D:1)
  9 goblins
  7 hobgoblins
  4 kobolds
  2 ball pythons
  2 bats
  2 frilled lizards
  4 rats (D:1)
33 creatures vanquished.

Notes
Turn   | Place    | Note
-------+----------+-------------------------------------------
     0 | D:1      | Anriel the Deep Elf Hunter began the quest for the Orb.
     0 | D:1      | Reached XP level 1. HP: 12/12 MP: 3/3
   447 | D:1      | Reached XP level 2. HP: 17/17 MP: 4/4
   599 | D:1      | Found Emuennot's Antique Armour Emporium.
   778 | D:2      | Noticed Robin
   979 | D:2      | Identified the +11 spear of Optimality {heavy, Fragile rN+
                  | Int+3 Stlth+}
   993 | D:2      | Found a faded altar of an unknown god.
  1192 | D:2      | Killed Robin
  1193 | D:2      | Reached XP level 3. HP: 22/22 MP: 5/5
  1370 | D:2      | Slain by a gnoll

Illustrated notes

Levels and vault maps discovered:
D:1:      dpeg_arrival_circle_labyrinth_a, layout_basic, serial_shops, shop,
          chequers_serial_rivers_large_a, minmay_misc_feat_roman,
          nicolae_concentric_dashed_squares_mild
D:2:      layout_basic, ebering_ecumenical_altar_petrified, uniq_terence,
          uniq_robin

Skill      XL: |  1  2 |
---------------+-------+-----
Fighting       | 2 |  2.6
Stealth        | 2 |  2.6
Dodging        | 3 |  3.1
Ranged Weapons | |  5.3

Action                     || total
---------------------------++-------
   Fire: Shortbow          ||   104
    Use: Scroll            ||     2
         Potion            ||     1
 Armour: Leather armour    ||    20
  Dodge: Dodged            ||    41
